Map: New Repugnancy LE

Players

pHARM

  • Race: Zerg Zerg
  • League: Platinum
  • Spawn Location: 7:00

Landen - Winner!

  • Race: Terran Terran
  • League: Diamond
  • Spawn Location: 1:00

VOD

Have the link to the VOD?

Description

Time

  • Played on: July 29, 2019, 3:22 p.m.
  • Length: 4:16
Show
View Real Time Build Order
Export as new Build Order

pHARM Zerg 

Build Orders: Hatch First 

Get SALT Encoding   

  12  0:01  Drone  
  13  0:10  Drone  
  14  0:18  Overlord  
  14  0:36  Drone x2  
  16  0:51  Hatchery  
  15  1:00  Drone x2  
  15  1:03  Drone  
  18  1:13  Extractor  
  17  1:19  Spawning Pool  
  17  1:20  Drone  
  17  1:25  Drone  
  18  1:35  Drone  
  19  1:54  Drone x2  
  21  2:03  Overlord  
  21  2:06  Queen x2  
  21  2:07  Zergling x2  
  26  2:14  Metabolic Boost  
  26  2:34  Drone x4  
  30  2:47  Overlord  
  30  2:48  Drone x3  
  33  2:57  Hatchery  
  32  3:11  Drone x4  
  36  3:18  Drone x6  
  42  3:33  Baneling Nest  
  41  3:36  Drone  
  41  3:37  Drone x2  
  41  3:38  Overlord  
  44  3:42  Overlord  
  44  3:47  Spine Crawler  
  43  3:50  Zergling x2  
  44  3:57  Zergling x10  
Show
View Real Time Build Order
Export as new Build Order

Landen Terran - Winner!

Build Orders:  

Get SALT Encoding   

  12  0:06  SCV  
  13  0:18  SCV  
  14  0:21  Supply Depot  
  14  0:30  SCV  
  15  0:43  SCV  
  15  0:44  Barracks  
  16  0:51  Supply Depot  
  16  0:59  Barracks  
  16  1:12  Barracks  
  16  1:28  Barracks  
  16  1:36  Orbital Command  
  16  1:40  Marine  
  17  1:48  Marine  
  18  1:58  Marine  
  18  1:59  Marine  
  20  2:06  Marine  
  21  2:16  Marine x2  
  21  2:17  Marine, Supply Depot  
  24  2:25  Marine  
  25  2:34  Marine x2  
  25  2:35  Marine  
  28  2:39  Supply Depot  
  28  2:43  Marine  
  29  2:51  Marine x2  
  29  2:53  Marine  
  32  3:01  Marine  
  33  3:09  Marine x2  
  33  3:11  Marine  
  36  3:18  Marine  
  37  3:27  Marine x2  
  37  3:28  Marine  
  40  3:36  Marine  
  41  3:45  Marine x2  
  41  3:46  Marine  
  44  3:54  Marine  
Tags
 
Matchup
TvZ
Replay Pack
10.7.19
Spawn Locations
Cross Positions
Add a new tag
Caveats
  • Supply blocks, unpowered buildings, or Contaminate may cause inaccurate times.
  • Supply counts are checked every 10 seconds.